 Dungeon Crawl Stone Soup version 0.28.0-47-ge53b351184 (webtiles) character file.

Game seed: 1200241929716697514

86 olmar the Covered (level 4, 0/29 HPs)
             Began as a Gargoyle Fighter on May 1, 2022.
             Slain by a mummy (11 damage)
             ... in an ossuary.
             The game lasted 00:02:37 (2298 turns).

olmar the Covered (Gargoyle Fighter)                Turns: 2298, Time: 00:02:38

Health: 0/29       AC: 10    Str: 22    XL:     4   Next: 50%
Magic:  4/4        EV:  9    Int:  8    God:
Gold:   86         SH:  4    Dex:  9    Spells: 3/3 levels left

rFire   . . .      SeeInvis .   a - +0 flail
rCold   . . .      Faith    .   c - +0 buckler
rNeg    + . .      Spirit   .   b - +0 scale mail
rPois   ∞          Reflect  .   (no helmet)
rElec   +          Harm     .   (no cloak)
rCorr   .          Rampage  .   (no gloves)
Will    .....                   (no boots)
Stlth   ..........              (no amulet)
HPRegen 0.09/turn               (no ring)
MPRegen 0.09/turn               (no ring)

@: mighty
A: sickness immunity, AC +3, negative energy resistance 1, electricity
resistance, torment resistance 1, petrification resistance
a: no special abilities


You were in an ossuary.
You visited 1 branch of the dungeon, and saw 4 of its levels.
You also visited: Ossuary.

You collected 86 gold pieces.

Inventory:

Hand Weapons
 a - a +0 flail (weapon)
Armour
 b - a +0 scale mail (worn)
 c - a +0 buckler (worn)
Jewellery
 n - a +6 ring of strength
Scrolls
 o - a scroll of blinking
 r - 2 scrolls of fear
Potions
 e - 2 potions of heal wounds {unknown}
 g - a potion of attraction {unknown}
 h - a potion of resistance {unknown}
 j - a potion of flight {unknown}
 m - 2 potions of curing {unknown}
 p - a potion of magic {unknown}
 q - 2 potions of brilliance {unknown}
 s - a potion of cancellation {unknown}


   Skills:
 + Level 3.9 Fighting
 + Level 3.0 Maces & Flails
 + Level 4.1 Armour
 + Level 3.8 Shields


You had 3 spell levels left.
You didn't know any spells.
Your spell library was empty.

Dungeon Overview and Level Annotations

Branches:
Dungeon (4/15)             Temple (0/1) D:4         Ossuary (1/1)

Altars:

Annotations:
D:2 1 runed translucent door, Crazy Yiuf
D:4 Eustachio, Menkaure


Innate Abilities, Weirdness & Mutations

You are immune to sickness and miasma.
Your stone body is resilient. (AC +3)
You are immune to poison.
You resist negative energy. (rN+)
You are resistant to electric shocks. (rElec)
You are resistant to unholy torment.
You are immune to petrification.


Message History

The hobgoblin zombie hits you but does no damage.
The kobold zombie hits you but does no damage.
A hobgoblin zombie comes into view.
You hit the mummy.
The mummy is lightly damaged.
The hobgoblin zombie hits you but does no damage.
The kobold zombie barely misses you. You block the mummy's attack.
You barely miss the mummy.
The mummy is lightly damaged.
The hobgoblin zombie barely misses you.
The kobold zombie hits you but does no damage.
The mummy barely misses you.
You hit the mummy.
The mummy is moderately damaged.
The hobgoblin zombie hits you but does no damage.
The kobold zombie hits you but does no damage.
The mummy hits you.
You hit the mummy.
The mummy is heavily damaged.
The kobold zombie closely misses you.
You barely miss the mummy.
The mummy is heavily damaged.
The mummy closely misses you. The mummy hits you but does no damage.
You barely miss the mummy.
The mummy is heavily damaged.
The mummy hits you!
You are too injured to fight recklessly!
You are too injured to fight recklessly!
You are too injured to fight recklessly!
You are too injured to fight recklessly!
You are too injured to fight recklessly!
You are too injured to fight recklessly!
You are too injured to fight recklessly!
You are too injured to fight recklessly!
You are too injured to fight recklessly!
You are too injured to fight recklessly!
Unknown command.
You feel very mighty all of a sudden. The mummy closely misses you.
The mummy hits you!
You die...

#....#
#....#
#....#
#....#
#....#
#....#
#ZZ..#
#MMZ.#
#@MZ.#
######


You could see 3 mummies, 3 hobgoblin zombies and a kobold zombie.

Vanquished Creatures
  A gnoll (D:3)
  3 adders (D:3)
  3 worms
  A dart slug (D:1)
  An orc (D:3)
  4 bats (D:3)
  An endoplasm (D:3)
  A giant cockroach (D:3)
  5 hobgoblins
  2 jackals (D:1)
  2 quokkas
  3 ball pythons
  4 frilled lizards
  4 goblins
  2 hobgoblin zombies (Ossuary)
  2 kobold zombies (Ossuary)
  2 rats (D:3)
41 creatures vanquished.

Notes
Turn   | Place    | Note
-------+----------+-------------------------------------------
     0 | D:1      | olmar the Gargoyle Fighter began the quest for the Orb.
     0 | D:1      | Reached XP level 1. HP: 14/14 MP: 1/1
   578 | D:1      | Reached XP level 2. HP: 19/19 MP: 2/2
   830 | D:2      | You fall into a shaft and drop 1 floor!
   973 | D:3      | Reached XP level 3. HP: 23/23 MP: 3/3
  1226 | D:2      | Found a runed translucent door.
  1227 | D:2      | Noticed Crazy Yiuf
  1569 | D:3      | Found a faded altar of an unknown god.
  1877 | D:3      | Reached XP level 4. HP: 18/29 MP: 4/4
  2013 | D:3      | Reached skill level 4 in Armour
  2223 | D:4      | Noticed Eustachio
  2263 | D:4      | Found a sand-covered staircase.
  2266 | D:4      | Noticed Menkaure
  2268 | Ossuary  | Entered an ossuary
  2298 | Ossuary  | Slain by a mummy

Illustrated notes

Levels and vault maps discovered:
D:1:      erik_arrival_triangle_medium, layout_loops_corners
D:2:      layout_basic, uniq_crazy_yiuf_cottage
D:3:      minmay_diamond_boxcup, layout_rooms, ebering_ecumenical_altar_hall,
          corexii_shack
D:4:      layout_loops_ring, lemuel_doored_altar, fedhas_altar_fruit_tree,
          minmay_temple_entry_antechambers, nicolae_ossuary_entry_ruins,
          uniq_eustachio, uniq_edmund, uniq_menkaure
Ossuary:  ossuary_tomb_3

Skill      XL: |  1  2  3  4 |
---------------+-------------+-----
Armour         | 4 |  4.1
Maces & Flails | 3 |  3.0
Fighting       | |  3.9
Shields        | |  3.8

Action                   |  1- 3 |  4- 6 || total
-------------------------+-------+-------++-------
Melee: Flail             |   115 |    44 ||   159
  Use: Scroll            |       |     6 ||     6
       Potion            |       |     1 ||     1
Armor: Scale mail        |    74 |    45 ||   119
Dodge: Dodged            |    57 |    40 ||    97
Block: Buckler           |    16 |    12 ||    28
